 Dungeon Crawl Stone Soup version 0.19.0-17-g07987d3 (webtiles) character file.

1783 bombpersons the Thaumaturge (level 8, -15/36 HPs)
             Began as a Spriggan Venom Mage on Nov 10, 2016.
             Was a Believer of Sif Muna.
             Demolished by Prince Ribbit (18 damage)
             ... on level 8 of the Dungeon on Nov 11, 2016.
             The game lasted 01:06:50 (8703 turns).

bombpersons the Thaumaturge (Spriggan Venom Mage)   Turns: 8703, Time: 01:06:55

Health: -15/36     AC:  4    Str:  4    XL:     8   Next: 81%
Magic:  32/32      EV: 21    Int: 18    God:    Sif Muna [**....]
Gold:   171        SH:  0    Dex: 22    Spells: 4 memorised, 16 levels left

rFire  . . .     SeeInvis +     (weapon currently unavailable)
rCold  . . .     Gourm    .     (armour currently unavailable)
rNeg   . . .     Faith    .     (shield currently unavailable)
rPois  x         Spirit   .     (helmet currently unavailable)
rElec  .         Reflect  .     (cloak currently unavailable)
rCorr  .         Harm     .     (gloves unavailable)
MR     +....                    (boots unavailable)
Stlth  +++.......               (no amulet)
                                l - ring of magical power
                                g - +2 ring of protection

@: spider-form (expiring), very slightly contaminated, drained
A: unfitting armour, (large bone plates 0), see invisible, herbivore 3, (speed
0), slow metabolism 2
a: End Transformation, Divine Energy, Renounce Religion


You were on level 8 of the Dungeon.
You worshipped Sif Muna.
Sif Muna was pleased with you.
You were not hungry.
You were a venomous arachnid creature.
You visited 2 branches of the dungeon, and saw 9 of its levels.

You collected 171 gold pieces.

Inventory:

Hand Weapons
 p - a +1 whip of electrocution (melded)
Missiles
 f - 105 stones (quivered)
Armour
 a - a +2 robe (melded)
 w - a +0 cloak (melded)
Jewellery
 g - a +2 ring of protection (left front leg)
 l - a ring of magical power (right front leg)
Wands
 q - a wand of flame (0/48)
Scrolls
 d - a scroll of enchant armour
 r - 2 scrolls of enchant weapon {unknown}
 v - a scroll of blinking {unknown}
 y - a scroll of torment {unknown}
Potions
 e - 2 potions of cancellation
Books
 b - a Young Poisoner's Handbook

   Spells                             Type                      Level
   a - Sting                          Conjuration/Poison           1
   b - Mephitic Cloud                 Conjuration/Poison/Air       3
   c - Olgreb's Toxic Radiance        Poison                       4
   d - Alistair's Intoxication        Transmutation/Poison         5
   e - Venom Bolt                     Conjuration/Poison           5
 t - a book of Changes

   Spells                             Type                      Level
   a - Beastly Appendage              Transmutation                1
   b - Sticks to Snakes               Transmutation                2
   c - Spider Form                    Transmutation/Poison         3
   d - Ice Form                       Ice/Transmutation            4
   e - Blade Hands                    Transmutation                5
 z - a book of Debilitation

   Spells                             Type                      Level
   a - Corona                         Hexes                        1
   b - Slow                           Hexes                        2
   c - Gell's Gravitas                Hexes/Translocation          3
   d - Inner Flame                    Hexes/Fire                   3
   e - Cause Fear                     Hexes                        4
   f - Leda's Liquefaction            Hexes/Earth                  4
Comestibles
 c - 3 bread rations
 s - a fruit


   Skills:
 - Level 3.0(2.4) Dodging
 - Level 3.0(2.4) Stealth
 * Level 10.0(9.4) Spellcasting
 * Level 9.0(8.4) Poison Magic


You had 16 spell levels left.
You knew the following spells:

 Your Spells              Type           Power        Failure   Level  Hunger
a - Sting                 Conj/Pois      ###.         6%          1    None
b - Mephitic Cloud        Conj/Pois/Air  ###.....     24%         3    None
c - Olgreb's Toxic Radia  Pois           #####...     10%         4    ###....
d - Spider Form           Tmut/Pois      ###.......   14%         3    None


Dungeon Overview and Level Annotations

Branches:
Dungeon (8/15)             Temple (1/1) D:4            Lair (0/6) D:8

Altars:
Dithmenos
Fedhas
Gozag
Nemelex Xobeh
Qazlal
Ru
Sif Muna
Trog
Vehumet
Xom
Yredelemnul
The Shining One

Shops:
D:5 }

Annotations:
D:8 Prince Ribbit


Innate Abilities, Weirdness & Mutations

You are very small and have problems with some larger weapons.
You are too small for most types of armour.
You have supernaturally acute eyesight. (SInv)
You are a herbivore.
((You cover ground extremely quickly.))
You need consume almost no food.
((You are partially covered in large bone plates. (SH +4)))


Message History

The centaur skeleton completely misses you.
Prince Ribbit hits you!
* * * LOW HITPOINT WARNING * * *
The wight barely misses you.
As you read the scroll labeled ZAYSOKOMEA, it crumbles to dust.
You hear a loud clanging noise!
It was a scroll of noise.
The quokka skeleton bites you but does no damage.
The centaur skeleton misses you. Prince Ribbit misses you.
The wight hits you with an enchanted falchion.
* * * LOW HITPOINT WARNING * * *
You feel drained.
* * * LOW HITPOINT WARNING * * *
As you read the scroll labeled BATAWA WUILI, it crumbles to dust.
You feel blessed for a moment.
It was a scroll of remove curse.
The centaur skeleton hits you but does no damage.
Prince Ribbit hits you!!
Ouch! That really hurt!
You die...
Xom thinks this is hilarious!

#.##.#. ....
##.###############
#....Zz...........
#######zh####.....######
.......zZ# #.....#
#######h## #..z..# #z#
#.....# #s# #....z######
#.....FZZ..##.....h..z.z
#......5...#####..h.....
#.........># #...z..z.
#$.........# #.....)).
#..........# #...z.)..
#..........# #........
#.#####+#### #........
#.# ...Z.....


You could see Prince Ribbit, 2 howler monkeys, 3 wights, a crimson imp, a quokka
skeleton and 2 centaur skeletons.

Vanquished Creatures
  Sigmund (D:5)
  An orc warrior (D:8)
  A sky beast (D:6)
  4 ogres
  A centaur (D:5)
  A crocodile (D:7)
  A big kobold (D:8)
  2 bullfrogs
  2 scorpions
  2 wights (D:8)
  A howler monkey (D:8)
  A jelly (D:5)
  A quasit (D:7)
  A gnoll shaman (D:7)
  A hound (D:5)
  An orc priest (D:3)
  2 orc wizards (D:3)
  An iguana (D:8)
  2 worker ants
  A hound zombie (D:7)
  Robin (D:2)
  8 gnolls
  12 adders
  A shadow imp (D:5)
  An ooze (D:1)
  3 worms (D:2)
  2 dart slugs
  4 leopard geckos
  14 orcs
  A ball python (D:3)
  3 giant cockroaches (D:1)
  15 goblins
  12 hobgoblins
  5 quokkas
  8 bats
  3 frilled lizards
  10 kobolds
  12 rats
143 creatures vanquished.

Notes
Turn   | Place    | Note
-------+----------+-------------------------------------------
     0 | D:1      | bombpersons the Spriggan Venom Mage began the quest for the Orb.
     0 | D:1      | Reached XP level 1. HP: 9/9 MP: 5/5
    88 | D:1      | Reached skill level 3 in Spellcasting
   224 | D:1      | Reached XP level 2. HP: 8/13 MP: 0/7
   985 | D:1      | Reached XP level 3. HP: 14/16 MP: 1/9
  1524 | D:2      | Reached skill level 4 in Spellcasting
  1702 | D:2      | Found a shimmering altar of Xom.
  1731 | D:2      | Reached XP level 4. HP: 21/21 MP: 0/11
  1956 | D:2      | Became a worshipper of Xom of Chaos
  2093 | D:2      | Reached skill level 5 in Poison Magic
  2240 | D:2      | XOM: divination: detect creatures
  2245 | D:2      | Noticed a moth of wrath
  2249 | D:2      | Found a bloodstained altar of Trog.
  2434 | D:2      | Learned a level 3 spell: Mephitic Cloud
  3285 | D:3      | Found a sparkling altar of Nemelex Xobeh.
  3287 | D:3      | Found a sacrificial altar of Ru.
  3287 | D:3      | Found a blossoming altar of Fedhas.
  3424 | D:3      | Reached XP level 5. HP: 21/24 MP: 0/13
  3611 | D:3      | Reached skill level 5 in Spellcasting
  3689 | D:3      | XOM: noise
  3839 | D:3      | Found an opulent altar of Gozag.
  3903 | D:3      | XOM: harmless Chrm miscast
  3981 | D:3      | Noticed Robin
  4230 | D:2      | XOM: silly message
  4252 | D:2      | Killed Robin
  4713 | D:3      | XOM is BORED!
  4713 | D:3      | XOM: harmless Summ miscast
  4718 | D:3      | XOM: smoke on damage
  4919 | D:3      | XOM: potion effect (agility)
  4921 | D:3      | XOM: enchant monster (bad)
  5008 | D:3      | Reached XP level 6. HP: 18/28 MP: 0/15
  5227 | D:3      | Learned a level 4 spell: Olgreb's Toxic Radiance
  5334 | D:3      | Reached skill level 6 in Spellcasting
  5593 | D:4      | XOM: confuse monster(s)
  5725 | D:4      | Found a staircase to the Ecumenical Temple.
  5740 | Temple   | Entered the Ecumenical Temple
  5755 | Temple   | Fell from the grace of Xom
  5755 | Temple   | Became a worshipper of Sif Muna the Loreminder
  5872 | D:4      | Reached XP level 7. HP: 32/32 MP: 18/18
  5965 | D:5      | Entered Level 5 of the Dungeon
  6004 | D:5      | Reached skill level 7 in Spellcasting
  6725 | D:5      | XOM: stat loss: -1 Int (17/18)
  6950 | D:5      | Found Puoph's Gadget Shop.
  6968 | D:5      | Noticed Sigmund
  6979 | D:5      | Reached * piety under Sif Muna
  6983 | D:5      | Killed Sigmund
  6983 | D:5      | Reached skill level 8 in Spellcasting
  7094 | D:5      | XOM: mild Tmut miscast
  7104 | D:5      | XOM: summons 2 hostile shadow creatures
  7397 | D:6      | Reached XP level 8. HP: 36/36 MP: 16/21
  7407 | D:6      | Learned a level 3 spell: Spider Form
  8068 | D:6      | XOM: divination: detect creatures
  8246 | D:7      | Reached ** piety under Sif Muna
  8246 | D:7      | Reached skill level 9 in Spellcasting
  8458 | D:8      | XOM: 1-stop teleportation journey
  8636 | D:8      | Found a stormy altar of Qazlal.
  8647 | D:8      | Noticed a hippogriff
  8648 | D:8      | HP: 1/54 [wight/enchanted dagger (6)]
  8650 | D:8      | Gained mutation: You are partially covered in large bone plates. (SH +4) [potion of beneficial mutation]
  8657 | D:8      | Reached skill level 10 in Spellcasting
  8697 | D:8      | Found a staircase to the Lair.
  8698 | D:8      | Noticed Prince Ribbit
  8703 | D:8      | Demolished by Prince Ribbit

Skill      XL: |  1  2  3  4  5  6  7  8 |
---------------+-------------------------+-----
Spellcasting   | 3 4 5 6 8 10 | 10.0
Poison Magic   | 5 6 7 9 |  9.0
Dodging        | |  3.0
Stealth        | |  3.0

Action                   |  1- 3 |  4- 6 |  7- 9 || total
-------------------------+-------+-------+-------++-------
Melee: Unarmed           |    31 |    11 |     5 ||    47
       Whip              |       |    21 |    55 ||    76
Throw: Stone             |       |    14 |    31 ||    45
 Cast: Sting             |    82 |   158 |    71 ||   311
       Mephitic Cloud    |       |     9 |    19 ||    28
       Olgreb's Toxic Ra |       |     2 |    15 ||    17
       Spider Form       |       |       |     3 ||     3
Evoke: Wand              |       |       |     3 ||     3
  Use: Scroll            |     3 |     5 |     5 ||    13
       Potion            |       |       |     6 ||     6
 Stab: Confused          |       |     2 |       ||     2
  Eat: Fruit             |       |     3 |       ||     3
       Bread ration      |       |     1 |       ||     1
Armor: Robe              |    10 |    13 |    15 ||    38
       Skin              |       |       |    35 ||    35
Dodge: Dodged            |    67 |    73 |    89 ||   229
